Cogmind - Beta 9.3 @@@ ROGUE MODE // 2019.12.31 @ 11:26:13 Player: Cipherpunk Result: Destroyed by as-39256 with Assembled Heavy Rifle Performance ------------- Evolutions (0) 0 Regions Visited (4) 800 Robots Destroyed (28) 140 Value Destroyed (462) 462 Prototype IDs (22) 440 Alien Tech Used (0) 0 Bonus (300) 300 TOTAL SCORE: 2142 Bonus ------- Aligned with FarCom 300 Cogmind --------- Core Integrity 0/250 Matter 210/300 Energy 31/100 System Corruption 0% Temperature Cool (0) Movement Hovering (60) Location -9/Mines Parts ------- > --- POWER (1) -------- (None) > --- PROPULSION (2) --- Hover Unit > --- UTILITY (2) ------ Skeleton Box > --- WEAPON (2) ------- (None) > --- INVENTORY (4) ---- Targeting Computer Light Armor Plating Particle Gun Datajack Peak State ------------ > --- POWER ------------ Light Ion Engine > --- PROPULSION ------- Aluminum Leg Aluminum Leg > --- UTILITY ---------- High-capacity Storage Unit Skeleton Box > --- WEAPON ----------- EM Pulse Gun Field Lobotomy Kit > --- INVENTORY -------- Aluminum Leg Hover Unit Hover Unit Hover Unit Hover Unit Large Storage Unit Large Storage Unit Transport Network Coupler Targeting Computer Particle Gun Datajack Mining Laser [Rating: 22] Favorites ----------- Power Light Ion Engine Engine Light Ion Engine Power Core Light Nuclear Core Propulsion Aluminum Leg Treads Light Treads Leg Aluminum Leg Hover Unit Hover Unit Utility Medium Storage Unit Device Improved Heat Sink Storage Medium Storage Unit Protection Light Armor Plating Weapon EM Pulse Gun Energy Gun EM Pulse Gun Ballistic Gun Assault Rifle Launcher Grenade Launcher Special Weapon Field Lobotomy Kit Build | -11 -10 -10 -10 -9 ------- Run | Scr Mat Min Exi Min Slots Evolved . | . . . . . Power . | . . . . . Propulsion . | . . . . . Utility . | . . . . . Weapon . | . . . . . Parts Attached 27 | . 13 5 4 5 Power 4 | . 3 1 . . Engine 2 | . 1 1 . . Core 2 | . 2 . . . Reactor . | . . . . . Propulsion 6 | . 3 . . 3 Treads 1 | . 1 . . . Leg 3 | . 2 . . 1 Wheel . | . . . . . Hover 2 | . . . . 2 Flight . | . . . . . Utility 9 | . 4 1 3 1 Device 3 | . 1 . 1 1 Storage 5 | . 2 1 2 . Processor . | . . . . . Hackware . | . . . . . Protection 1 | . 1 . . . Artifact . | . . . . . Weapon 8 | . 3 3 1 1 Energy Gun 5 | . 3 2 . . Energy Cannon . | . . . . . Ballistic Gun . | . . . . . Ballistic Cannon . | . . . . . Launcher 2 | . . 1 . 1 Special Weapon 1 | . . . 1 . Impact Weapon . | . . . . . Slashing Weapon . | . . . . . Piercing Weapon . | . . . . . Special Melee Weapon . | . . . . . Unidentified Prototypes 2 | . . . 2 . Parts Lost 9 | . 2 1 . 6 Power 2 | . 1 . . 1 Propulsion 4 | . 1 . . 3 Utility . | . . . . . Weapon 3 | . . 1 . 2 Highest Loss Streak 6 | . 2 1 . 6 Average Slot Usage (%) 96 | . 96 99 94 71 Engine 9 | . 5 11 14 7 Core 3 | . 7 2 . . Leg 27 | . 27 28 28 28 Device 1 | . 2 . 2 . Storage 23 | . 17 28 25 28 Protection 1 | . 4 . . . Energy Gun 21 | . 18 27 20 7 Ballistic Gun 3 | . 9 . . . Naked Turns . | . . . . . Heaviest Build 53 | 11 33 47 53 53 Greatest Support 20 | 20 20 20 20 20 Greatest Overweight (x) 2 | . 1 2 2 2 Average Overweight (x) 1 | . . 1 1 . Largest Inventory Capacity 18 | . 14 16 18 18 Average Capacity 12 | . 7 15 15 15 Most Carried 17 | . 14 15 17 17 Average Carried 11 | . 6 14 15 14 Final Capacity 18 | 6 14 16 18 4 Final Carried 17 | 6 14 15 17 4 Class Distribution -------------------- 84% | Mutant 15% | Scavenger-Mutant Dominant Class ---------------- Mutant | -10/Materials Mutant | -10/Mines Mutant | -10/Exiles Mutant | -9/Mines Resources | -11 -10 -10 -10 -9 ----------- Run | Scr Mat Min Exi Min Matter Collected 520 | 200 199 121 . . Remotely . | . . . . . Salvage Created 585 | . 389 175 . 21 Parts 49 | . 29 20 . . Haulers Intercepted 1 | . 1 . . . Recyclers Shooed 1 | . 1 . . . Parts Field Recycled . | . . . . . Retrieved Matter . | . . . . . Parts Self-Destructed . | . . . . . Prevented . | . . . . . Kills | -11 -10 -10 -10 -9 ------- Run | Scr Mat Min Exi Min Combat Hostiles Destroyed 23 | . 8 9 . 6 Guns 13 | . 8 5 . . AOE 10 | . . 4 . 6 Classes Destroyed 8 | . 3 4 . 1 Worker 1 | . . 1 . . Builder 1 | . . 1 . . Tunneler 1 | . . 1 . . Hauler 1 | . 1 . . . Watcher 1 | . 1 . . . Swarmer 9 | . . 9 . . Grunt 8 | . 8 . . . Assembled 6 | . . . . 6 Best Kill Streak 6 | . 3 4 . 6 Combat Bots Only 6 | . 3 3 . 6 Max Kills in Single Turn 4 | . 1 4 . 2 Gunslinging 1 | . . 1 . . Exploded 3 | . . 3 . 2 Melee . | . . . . . Uniques/NPCs Destroyed . | . . . . . Combat | -11 -10 -10 -10 -9 -------- Run | Scr Mat Min Exi Min Damage Taken 1326 | . 403 346 . 577 Core 268 | . . 57 . 211 Absorbed by Shields . | . . . . . Core Remaining (%) 100 | 100 . . . . Volleys Fired 52 | . 31 18 . 3 Largest 2 | . 2 2 . 2 Hottest 85 | . 85 80 . 70 Shots Fired 100 | . 62 34 . 4 Gun 95 | . 62 32 . 1 Cannon . | . . . . . Launcher 5 | . . 2 . 3 Special . | . . . . . Kinetic 45 | . 45 . . . Thermal 17 | . 17 . . . Explosive 5 | . . 2 . 3 Electromagnetic 33 | . . 32 . 1 Robot Hit Streak 7 | . 7 2 . 3 Robot Miss Streak 4 | . 3 4 . 1 Penetration Max . | . . . . . Secondary Targets 5 | . 3 2 . . Max Gunslinging Chain 1 | . 1 1 . . Shots Hit Robots 58 | . 40 15 . 3 Core Hits 54 | . 22 12 . 20 Critical Hits . | . . . . . Critical Kills . | . . . . . Critical Parts Destroyed . | . . . . . Melee Attacks . | . . . . . Impact . | . . . . . Slashing . | . . . . . Piercing . | . . . . . Sneak Attacks . | . . . . . Combat Hostiles . | . . . . . Follow-up Attacks . | . . . . . Damage Inflicted 1514 | . 524 544 . 446 Guns 693 | . 524 158 . 11 Cannons . | . . . . . Explosions 821 | . . 386 . 435 Melee . | . . . . . Ramming . | . . . . . Kinetic 389 | . 389 . . . Thermal 249 | . 135 114 . . Explosive 707 | . . 272 . 435 Electromagnetic 169 | . . 158 . 11 Impact . | . . . . . Slashing . | . . . . . Piercing . | . . . . . Highest Corruption . | . . . . . Average Corruption . | . . . . . Corruption Purged . | . . . . . Overload Shots . | . . . . . Overflow Damage 32 | . . 22 . 10 Projectiles . | . . . . . Explosions 32 | . . 22 . 10 Melee . | . . . . . Knockbacks . | . . . . . Impact . | . . . . . Kinetic . | . . . . . Secondary . | . . . . . Self-Inflicted Damage 44 | . . 33 . 11 Shots 2 | . . 1 . 1 Rammed . | . . . . . Targets Rammed . | . . . . . Kicked . | . . . . . Crushed . | . . . . . Highest Temperature 178 | . 66 178 . 59 Average Temperature 61 | . 25 71 . 38 Received Heat Transfer 282 | . 222 . . 60 Siege Activations . | . . . . . Robots Corrupted . | . . . . . Combat Hostiles . | . . . . . Parts Fried 1 | . . 1 . . Impact Corruptions . | . . . . . Robots Melted . | . . . . . Combat Hostiles . | . . . . . Parts Melted 1 | . 1 . . . Heat Transferred 433 | . 333 100 . . Parts Sabotaged . | . . . . . Parts Stolen . | . . . . . Parts Stripped . | . . . . . Power Chain Reactions 1 | . . 1 . . Missiles Intercepted . | . . . . . Alert | -11 -10 -10 -10 -9 ------- Run | Scr Mat Min Exi Min Peak Influence 229 | . 229 155 . 15 Average Influence 88 | . 80 100 . 5 Maximum Alert Level 1 | . 1 . . . Low Security (%) 93 | . 86 100 . 100 Level 1 6 | . 13 . . . Level 2 . | . . . . . Level 3 . | . . . . . Level 4 . | . . . . . Level 5 . | . . . . . High Security . | . . . . . Max Security . | . . . . . Squads Dispatched . | . . . . . Investigation . | . . . . . Extermination . | . . . . . Reinforcement . | . . . . . Assault . | . . . . . Garrison . | . . . . . Intercept . | . . . . . Construction Impeded . | . . . . . Haulers Reinforced . | . . . . . Stealth | -11 -10 -10 -10 -9 --------- Run | Scr Mat Min Exi Min Distress Signals 3 | . 3 . . . Communications Jammed . | . . . . . Distress Signals . | . . . . . Times Spotted 36 | . 13 9 . 14 Peak Tracking Total 14 | . 4 3 . 14 Tactical Retreats 1 | . 1 . . . Traps | -11 -10 -10 -10 -9 ------- Run | Scr Mat Min Exi Min Traps Triggered . | . . . . . Indirectly . | . . . . . Trap Hack Attempts . | . . . . . Triggered . | . . . . . Disarmed 4 | . 4 . . . Reprogrammed . | . . . . . Reused . | . . . . . Traps Extracted . | . . . . . Installed 1 | . . . . 1 Triggered . | . . . . . Machines | -11 -10 -10 -10 -9 ---------- Run | Scr Mat Min Exi Min Machines Disabled 3 | . 1 2 . . Max in Single Turn 1 | . 1 1 . . Machines Sabotaged . | . . . . . Garrisons Compromised . | . . . . . Overloaded Fab Kills . | . . . . . Fab Network Shutdowns . | . . . . . Hacking | -11 -10 -10 -10 -9 --------- Run | Scr Mat Min Exi Min Machines Accessed 6 | . 2 . 4 . Terminals 2 | . 2 . . . Fabricators . | . . . . . Repair Stations . | . . . . . Recycling Units . | . . . . . Scanalyzers . | . . . . . Garrison Access . | . . . . . Total Hacks 17 | . 6 . 11 . Successful 13 | . 2 . 11 . Failed 4 | . 4 . . . Catastrophic . | . . . . . Database Lockouts . | . . . . . Manual 2 | . 1 . 1 . Terminals 6 | . 6 . . . Fabricators . | . . . . . Repair Stations . | . . . . . Recycling Units . | . . . . . Scanalyzers . | . . . . . Garrison Access . | . . . . . Terminal Hacks 12 | . 1 . 11 . Record 10 | . . . 10 . Disarm Traps 1 | . 1 . . . EX-Prototype ID Bank 1 | . . . 1 . Fabricator Hacks . | . . . . . Repair Station Hacks . | . . . . . Recycling Unit Hacks . | . . . . . Scanalyzer . | . . . . . Garrison Access Hacks . | . . . . . Unauthorized Hacks 2 | . 2 . . . Terminals 1 | . 1 . . . Botnet 1 | . 1 . . . Fabricators . | . . . . . Repair Stations . | . . . . . Recycling Units . | . . . . . Scanalyzers . | . . . . . Garrison Access . | . . . . . Data Cores Recovered . | . . . . . Used . | . . . . . Hacking Detections 2 | . 2 . . . Full Trace Events . | . . . . . Feedback Events . | . . . . . Feedback Blocked . | . . . . . Robot Schematics Acquired . | . . . . . Robots Built . | . . . . . Matter . | . . . . . Time . | . . . . . Total Robot Build Rating . | . . . . . Part Schematics Acquired . | . . . . . Parts Built . | . . . . . Matter . | . . . . . Time . | . . . . . Total Part Build Rating . | . . . . . Parts Repaired . | . . . . . Time . | . . . . . Parts Recycled . | . . . . . Recycled Matter . | . . . . . Retrieved Matter . | . . . . . Retrieved Components . | . . . . . Parts Scanalyzed . | . . . . . Part Schematics Acquired . | . . . . . Parts Damaged . | . . . . . Bothacking | -11 -10 -10 -10 -9 ------------ Run | Scr Mat Min Exi Min Used RIF Installer . | . . . . . Robots Hacked . | . . . . . Non-combat . | . . . . . Combat . | . . . . . Robot Hacks Applied . | . . . . . Relay Couplers Released . | . . . . . Robots Rewired . | . . . . . Allies Hacked . | . . . . . Hacks Repelled . | . . . . . Allies | -11 -10 -10 -10 -9 -------- Run | Scr Mat Min Exi Min Total Allies . | . . . . . Largest Group . | . . . . . Highest-Rated Group . | . . . . . Highest-Rated Ally . | . . . . . Total Orders . | . . . . . Ally Attacks . | . . . . . Total Damage . | . . . . . Kills . | . . . . . Allies Corrupted . | . . . . . Allies Melted . | . . . . . Intel | -11 -10 -10 -10 -9 ------- Run | Scr Mat Min Exi Min Robot Analysis Total . | . . . . . Derelict Logs Recovered 2 | . . 2 . . Drone Launches . | . . . . . Drone Recoveries . | . . . . . Exploration | -11 -10 -10 -10 -9 ------------- Run | Scr Mat Min Exi Min Turns Passed 2198 | . 822 748 602 26 Spaces Moved 1229 | 1 487 402 330 9 Core . | . . . . . Treads 2 | . 2 . . . Legs 1222 | 1 485 402 330 4 Wheels . | . . . . . Hover 5 | . . . . 5 Flight . | . . . . . Fastest Speed 56 | 120 120 150 150 56 Average Speed 155 | 120 127 170 179 112 Slowest Speed 180 | 120 160 180 180 180 Overloaded Moves . | . . . . . Propulsion Burnouts . | . . . . . Robots Hopped . | . . . . . Cave-ins Triggered . | . . . . . Exploration Rate (%) 38 | 2 56 66 61 8 Regions Visited 4 Branch Regions 3 Pre-discovered Areas 2 | . . 1 1 . Known Exits Taken . | . . . . . Unknown Exits Taken 4 | 1 1 1 1 . Scrap Searched 2 | . . 2 . . Spaces Dug . | . . . . . Terrain Destroyed 39 | . . 25 . 14 Melee . | . . . . . Projectile . | . . . . . AOE 39 | . . 25 . 14 Actions | -11 -10 -10 -10 -9 --------- Run | Scr Mat Min Exi Min Total 1421 | . 627 432 342 20 Wait 65 | . 62 2 . 1 Move 1225 | . 486 401 329 9 Hop . | . . . . . Pick Up 26 | . 18 3 5 . Fast Attach 12 | . 8 1 3 . Attach 7 | . 3 1 . 3 Detach 3 | . 2 1 . . Swap 8 | . 2 3 1 2 Drop 22 | . 15 2 4 1 Fire 52 | . 31 18 . 3 Melee . | . . . . . Ram . | . . . . . Kick . | . . . . . Crush . | . . . . . Escape Stasis . | . . . . . Rewire . | . . . . . Trap 1 | . . . . 1 Miscellaneous . | . . . . . Route ------- -11/Scrapyard -10/Materials (discovered 2 exits: [*Mat] / [*Min]) -10/Mines (discovered 2 exits: [*Mat] / *Exi) -10/Exiles (discovered 2 exits: [*Min x2]) -9/Mines History --------- Turn | Location | Event 1 | -11/Scrapyard | Discovered new exit (range 0) 1 | -11/Scrapyard | Entered Materials 422 | -10/Materials | Build established: Scavenger-Mutant 501 | -10/Materials | Discovered new exit (range 16) 598 | -10/Materials | Discovered new exit (range 13) 734 | -10/Materials | Build established: Mutant 823 | -10/Materials | Entered Mines 913 | -10/Mines | Learned location of Storage (-7) 1196 | -10/Mines | Learned Materials terminal intel 1308 | -10/Mines | Discovered new exit (range 9) 1564 | -10/Mines | Deemed a non-threat by the Exiles lab entrance 1564 | -10/Mines | Discovered new exit (range 5) 1571 | -10/Mines | Entered Exiles 1615 | -10/Exiles | Discovered new exit (range 14) 1645 | -10/Exiles | Met 8R-AWN 1676 | -10/Exiles | Met EX-HEX 1730 | -10/Exiles | Met EX-BIN 1751 | -10/Exiles | Aligned with FarCom system 1753 | -10/Exiles | Given EX-Vault access code 1838 | -10/Exiles | Opened EX-Vault 1854 | -10/Exiles | Found Prototype Device 1854 | -10/Exiles | Identified Skeleton Box 1862 | -10/Exiles | Found Prototype Special Weapon 1862 | -10/Exiles | Identified Field Lobotomy Kit 2022 | -10/Exiles | Warned to stay clear of 0b10 Research branches 2076 | -10/Exiles | Met EX-DEC 2085 | -10/Exiles | Learned location of Zion (-6) 2155 | -10/Exiles | Discovered new exit (range 10) 2173 | -10/Exiles | Left Exiles lab with Skeleton Box 2173 | -10/Exiles | Entered Mines 2174 | -9/Mines | Assembled infested the area 2175 | -9/Mines | Met a Derelict bent on vengeance 2175 | -9/Mines | Found a hidden stash of uninstalled traps 2187 | -9/Mines | Core integrity fell below 50% 2196 | -9/Mines | Core integrity fell below 20% 2199 | -9/Mines | Destroyed by as-39256 with Assembled Heavy Rifle Last Messages --------------- 02181_ as-92680 destroyed. 02181_ as-46781 destroyed. 02182_ K-01 Serf collects debris. 02184_ as-53186 destroyed. 02184_ as-00507 destroyed. 02184_ Destroyed Asb. Hover Unit. 02185_ EM Pulse Gun destroyed. 02185_ K-01 Serf collects debris. 02186_ as-76471 destroyed. 02186_ as-72376 destroyed. 02186_ as-72898 destroyed. 02187_ Aluminum Leg destroyed. 02188_ Grenade Launcher destroyed. 02188_ Lgt. Ion Engine destroyed. 02190_ as-21660 destroyed. 02192_ Aluminum Leg destroyed. 02192_ as-82126 destroyed. 02195_ K-01 Serf destroyed. 02196_ Dropped Lrg. Storage Unit. 02198_ Hover Unit destroyed. Map ----- +----------------------------------------------------+ | ????????????????????????????????? | | ????????????????????????????????? | | ????????????????????????????????? | | ????????????????????????????????? | | ????? ??????????????????????? | | ???# ##????????????????????? | | ??? ?????????????????????? | | ??? % % ?????????????????????? | | ???# % ?????????????????????? | | ???# ?????????????????????? | | ???# #?????????????????????? | | ??? % #?????????????????????? | | ???? a ?????????????????????? | | ???? #?????????????????????? | | ????? ####??????????????????? | | ????? % ???????????????????? | | ?????? % #????????????????????? | | ?????? * ?????????????????????? | | ?????##&!##?????????????????????? | | ????##=^! ##????????????????????? | | ???## =!!= #????????????????????? | | ???# !|! #????????????????????? | | ???# [ #????????????????????? | | ???## ##????????????????????? | | ????## ##?????????????????????? | | ?????###@#??????????????????????? | | ?????? ?????????????????????? | | ???? ???????????????????? | | ???# """ """ ?????????????????? | | ???# """ """ ???????????????? | | ???# """ """ #####??????????????? | | ???# k #??????????????????? | | ???###########??????????????????? | | ????????????????????????????????? | | ????????????????????????????????? | | | | | | | | | | | | | | | | | | | | | | | | | | | | | | | +----------------------------------------------------+ Best States ------------- Heat Dissipation 39 Energy Generation 14 Energy Capacity 250 Matter Stores 300 Matter Capacity 300 Sight Range 16 Terrain Scan Density 10 Armor Coverage 150 Evasion (%) 40 Recoil Reduction 1 Item Schematics ----------------- None Robot Schematics ------------------ None Fabricated ------------ Nothing Alien Tech Used ----------------- None Achievements -------------- None Challenges ------------ None Game ------ Seed PhaseMassBiocell Manual? 0 Play Time 00:26:14 Cumulative 75.2 hours Start 2019.12.31 @ 10:17:09 End 2019.12.31 @ 11:26:13 Sessions 1 Manual Loads 0 Difficulty Rogue Special Mode None Game No. 74 Rogue 74 Adventurer 0 Explorer 0 Win Type - Total 0 Types 0/0/0/0/0/0/0 Lore% 45 Gallery% 49 Achievement% 37 Wizard Run 0 Options --------- ASCII 0 Keyboard 1 Movement Numpad Keybinds 0 Fullscreen 2 Font 18/Terminus Map View 76x50 Tactical HUD 1 Map Filters NONE Filters NONE Steam 1 RUN: 8be51f39-d78e-4c31-9a3f-1dbb6eeca96c